 Dungeon Crawl Stone Soup version 0.28-a0-983-g1de4e0787c (webtiles) character file.

Game seed: 16666807115471761582

234 ytrimaz the Shield-Bearer (level 6, -10/46 (48) HPs)
             Began as a Formicid Fighter on Dec 2, 2021.
             Mangled by a wight (12 damage)
             ... on level 8 of the Dungeon.
             The game lasted 00:01:05 (775 turns).

ytrimaz the Shield-Bearer (Formicid Fighter)         Turns: 775, Time: 00:01:06

HP:   -10/46 (48)   AC:  8    Str: 22    XL:     6   Next: 26%
MP:   6/6           EV:  9    Int:  8    God:
Gold: 40            SH:  4    Dex: 10    Spells: 5/5 levels left

rFire   + . .      SeeInvis +   a - +0 war axe
rCold   . . .      Faith    .   c - +0 buckler
rNeg    . . .      Spirit   .   b - +0 scale mail
rPois   .          Reflect  .   (helmet unavailable)
rElec   .          Harm     .   (no cloak)
rCorr   .          Rampage  .   g - +0 pair of gloves
Will    .....                   (no boots)
Stlth   ..........              (no amulet)
HPRegen 0.15/turn               f - ring of protection from fire
MPRegen 0.10/turn               (no ring)

@: mighty, lightly drained
A: permanent stasis, dig shafts and tunnels, antennae 3, four strong arms
a: Dig, Shaft Self


You were on level 8 of the Dungeon.
You visited 1 branch of the dungeon, and saw 5 of its levels.

You collected 40 gold pieces.

Inventory:

Hand Weapons
 a - a +0 war axe (weapon)
Armour
 b - a +0 scale mail (worn)
 c - a +0 buckler (worn)
 g - a +0 pair of gloves (worn)
Jewellery
 f - a ring of protection from fire (left hand)
 j - a ring of ice
Scrolls
 h - a scroll of magic mapping {unknown}
Potions
 e - a potion of resistance {unknown}
 i - a potion of mutation {unknown}


   Skills:
 + Level 4.2 Fighting
 + Level 4.4 Axes
 + Level 4.4 Armour
 + Level 4.4 Shields


You had 5 spell levels left.
You didn't know any spells.
Your spell library contained the following spells:

 Spells                   Type           Power      Damage    Failure   Level
 Apportation              Tloc           0%         N/A       73%         1
 Alistair's Intoxication  Tmut/Pois      0%         N/A       100%        5


Dungeon Overview and Level Annotations

Branches:
Dungeon (5/15)
 Temple: D:4-7

Altars:


Innate Abilities, Weirdness & Mutations

You cannot be hasted, slowed, berserked, paralysed or teleported.
You can dig through walls and to a lower floor.
You have a pair of large antennae on your head. (SInv)
Your four strong arms can wield two-handed weapons with a shield.


Message History

You slash Blork the orc!
You kill Blork the orc!
Your Axes skill increases to level 4!
You have reached level 6!
Things that are here:
a +0 halberd; a +2 robe; the orc corpse of Blork the orc Unknown command.
Are you sure you want to shaft yourself?
You begin to dig a shaft.
You continue digging a shaft.
A shaft appears beneath you!
You fall into a shaft and drop 3 floors!
The shaft crumbles and collapses.
Found a hunting sling.
Unknown command.
A wight comes into view. It is wielding a +0 halberd.
A wight comes into view. It is wielding a +3 falchion.
The wight hits you with a +0 halberd.
You feel drained.
You barely miss the wight. The wight hits you with a +0 halberd.
You feel drained. The wight closely misses you.
You slash the wight!
The wight is severely damaged.
The wight completely misses you.
You slash the wight!
You destroy the wight!
A wight comes into view. It is wielding a +0 trident.
The wight barely misses you.
Things that are here:
a +0 halberd; a +0 robe Unknown command.
You closely miss the wight. The wight barely misses you.
You block the wight's attack.
You slash the wight!
The wight is severely damaged.
The wight hits you from afar with a +0 trident.
You feel drained. The wight hits you with a +3 falchion!
* * * LOW HITPOINT WARNING * * *
You closely miss the wight.
The wight is severely damaged.
The wight hits you from afar with a +0 trident!
You die...

......#.#
#......###.##
#..#.#.......
#......###.#
#..........#
##.....#####
#.#.#.#
#.#.#.#
#@#.#.#
#z#...#
z.###)# ...#
....# .....#
.......
.......#


You could see 2 wights.

Vanquished Creatures
  Blork the orc (D:5)
  A wight (D:8)
  A howler monkey (D:5)
  2 hounds (D:5)
  A gnoll (D:1)
  2 dart slugs (D:1)
  A ball python (D:1)
  2 endoplasms (D:1)
  2 jackals (D:1)
  A quokka (D:1)
  A goblin (D:1)
  A rat (D:1)
16 creatures vanquished.

Vanquished Creatures (others)
  A plant (D:1)
1 creature vanquished.

Grand Total: 17 creatures vanquished

Notes
Turn   | Place    | Note
-------+----------+-------------------------------------------
     0 | D:1      | ytrimaz the Formicid Fighter began the quest for the Orb.
     0 | D:1      | Reached XP level 1. HP: 18/18 MP: 1/1
   304 | D:1      | Reached XP level 2. HP: 24/24 MP: 2/2
   393 | D:1      | Reached XP level 3. HP: 27/29 MP: 3/3
   402 | D:1      | You fall into a shaft and drop 1 floor!
   406 | D:2      | You fall into a shaft and drop 2 floors!
   409 | D:4      | You fall into a shaft and drop 1 floor!
   409 | D:5      | Entered Level 5 of the Dungeon
   429 | D:5      | Reached XP level 4. HP: 17/37 MP: 4/4
   670 | D:5      | Reached XP level 5. HP: 37/42 MP: 5/5
   752 | D:5      | Noticed Blork the orc
   758 | D:5      | Killed Blork the orc
   759 | D:5      | Reached XP level 6. HP: 27/48 MP: 6/6
   764 | D:5      | You fall into a shaft and drop 3 floors!
   774 | D:8      | HP: 2/46 [wight (12)]
   775 | D:8      | Mangled by a wight

Illustrated notes

Levels and vault maps discovered:
D:1:      minmay_arrival_plants_in_alcoves, layout_basic, nicolae_grassy_gnolls
D:2:      layout_loops_ring, serial_rivers, chequers_serial_rivers_micro_a,
          chequers_serial_rivers_small_b, chequers_serial_rivers_micro_e,
          chequers_serial_rivers_room_a, chequers_serial_rivers_micro_e,
          uniq_sigmund
D:4:      layout_loops_ring, gammafunk_temple_overflow_wave, serial_shops, shop,
          uniq_menkaure, uniq_edmund
D:5:      layout_basic, uniq_blork_the_orc, uniq_eustachio
D:8:      layout_loops_ring, chequers_serial_rivers_micro_d, uniq_pikel

Skill      XL: |  1  2  3  4  5 |
---------------+----------------+-----
Shields        | 4 |  4.4
Axes           | 3 4 |  4.4
Armour         | 4 |  4.4
Fighting       | 4 |  4.2

Action                   |  1- 3 |  4- 6 || total
-------------------------+-------+-------++-------
Melee: War axe           |    37 |    24 ||    61
 Abil: Shaft Self        |     3 |     1 ||     4
       Dig               |     2 |       ||     2
  Use: Scroll            |     1 |       ||     1
       Potion            |       |     1 ||     1
Armor: Scale mail        |    22 |    10 ||    32
Dodge: Dodged            |    17 |    11 ||    28
Block: Buckler           |    10 |     4 ||    14

Table legend: (Time is in decaauts)
 A = Elapsed time spent in this place.
 B = Non-inter-level travel time spent in this place.
 C = Inter-level travel time spent in this place.
 D = Time resting spent in this place.
 E = Time spent auto-exploring this place.
 F = Levels seen in this place.
 G = Mean time per level.
                   A        B        C        D        E       F      G
               +--------+--------+--------+--------+--------+-----+--------+
         Total |    796 |    796 |      0 |    196 |    394 |   5 |  159.2 |
       Dungeon |    796 |    796 |      0 |    196 |    394 |   5 |  159.2 |
               +--------+--------+--------+--------+--------+-----+--------+

Top non-repeatable levels by time:
     D:1: 411 daAuts
     D:5: 366 daAuts
     D:8: 12 daAuts
     D:2: 4 daAuts
     D:4: 2 daAuts
